 Dungeon Crawl Stone Soup version 0.20.1-1-g8b1a95d (webtiles) character file.

135 Gorglomux the Grave Robber (level 4, 0/34 HPs)
             Began as a Demonspawn Necromancer on July 11, 2017.
             Was an Initiate of Trog.
             Slain by Pikel
             ... wielding a +2 whip of freezing
              (3 damage)
             ... on level 3 of the Dungeon.
             The game lasted 00:06:50 (3599 turns).

Gorglomux the Grave Robber (Demonspawn Necromancer) Turns: 3599, Time: 00:06:51

Health: 0/34       AC:  2    Str:  9    XL:     4   Next: 96%
Magic:  7/7        EV: 13    Int: 17    God:    Trog [......]
Gold:   226        SH:  0    Dex: 13    Spells: 6/7 levels left

rFire    . . .     SeeInvis .   m - +2 whip (elec)
rCold    . . .     Gourm    .   (no shield)
rNeg     + . .     Faith    .   a - +0 robe
rPois    .         Spirit   .   (no helmet)
rElec    .         Reflect  .   (no cloak)
rCorr    .         Harm     .   (no gloves)
MR       .....                  (no boots)
Stlth    ++........             (no amulet)
Regen    0.2/turn               h - ring of positive energy
MPRegen  0.1/turn               y - +4 ring of slaying

@: no status effects
A: powered by death 2
a: Burn Spellbooks, Renounce Religion


You were on level 3 of the Dungeon.
You worshipped Trog.
Trog was noncommittal.
You were not hungry.

You visited 1 branch of the dungeon, and saw 4 of its levels.

You collected 226 gold pieces.

Inventory:

Hand Weapons
 f - a +0 short sword
 m - a +2 whip of electrocution (weapon)
Armour
 a - a +0 robe (worn)
Jewellery
 h - a ring of positive energy (left hand)
 y - a +4 ring of slaying (right hand)
Scrolls
 d - 3 scrolls of teleportation {unknown}
 i - 2 scrolls of enchant armour {unknown}
 j - a scroll of random uselessness {unknown}
 B - 3 scrolls of recharging {unknown}
 C - 2 scrolls of fear {unknown}
 D - 2 scrolls of remove curse {unknown}
 J - a scroll of enchant weapon {unknown}
Potions
 e - a potion of heal wounds {unknown}
 l - a potion of curing {unknown}
 F - a potion of magic {unknown}
 G - a potion of ambrosia {unknown}
Books
 b - a book of Necromancy

   Spells                             Type                      Level
   a - Pain                           Necromancy                   1
   b - Animate Skeleton               Necromancy                   1
   c - Vampiric Draining              Necromancy                   3
   d - Regeneration                   Charms/Necromancy            3
   e - Animate Dead                   Necromancy                   4
   f - Control Undead                 Necromancy                   4
   Trog disapproves of the use of such an item.
Comestibles
 c - 6 bread rations
 g - 2 royal jellies
 z - 4 meat rations
 I - 4 fruits
 K - 3 chunks of flesh


   Skills:
 + Level 2.4 Fighting
 + Level 2.4 Armour
 + Level 3.0 Dodging
 - Level 1.7 Stealth
 - Level 2.0 Spellcasting
 - Level 4.3 Necromancy


You had 6 spell levels left.
You knew the following spells:

 Your Spells              Type           Power        Failure   Level  Hunger
a - Pain                  Necr           ###.         3%          1    #......


Dungeon Overview and Level Annotations

Branches:
Dungeon (4/15)
 Temple: D:4-7

Altars:
Ashenzari
Dithmenos
Nemelex Xobeh
Ru
Trog
Vehumet

Annotations:
D:3 Pikel


Innate Abilities, Weirdness & Mutations

You regenerate health from kills.


Message History

Some of the chunks of flesh in your inventory have rotted away.
You miss Pikel.
Pikel zaps a wand.
You suddenly lose the ability to move!
Pikel zaps a wand.
You shrug off the repeated paralysis!
Pikel zaps a wand.
You resist with some effort.
Pikel zaps a wand.
You resist with some effort. Pikel hits you with a whip of freezing.
Pikel freezes you.
You can move again.
Unknown command.
Unknown command.
You closely miss Pikel. Pikel hits you with a whip of freezing.
Pikel freezes you.
You hit Pikel but do no damage. Pikel hits you with a whip of freezing.
* * * LOW HITPOINT WARNING * * *
Pikel freezes you.
* * * LOW HITPOINT WARNING * * *
You closely miss Pikel. Pikel misses you.
Pikel hits you with a whip of freezing.
* * * LOW HITPOINT WARNING * * *
Pikel freezes you.
You die...

#.........................[.
#....)..........<.....######
#.>...................#
#.........#############
#.........# #.........#
#.........#
#........p#######
#........pK@....####
###############....##
#(##..## #......# #..###.#
#..###.# #..###.#
##..#..####### #..#.........


You could see Pikel and 2 slaves.

Vanquished Creatures
  An iguana (D:4)
  3 adders
  A worm (D:2)
  4 dart slugs
  3 leopard geckos
  4 giant cockroaches
  13 goblins
  9 hobgoblins
  6 jackals
  2 quokkas
  2 bats
  5 frilled lizards
  8 kobolds
  5 rats
66 creatures vanquished.

Notes
Turn   | Place    | Note
-------+----------+-------------------------------------------
     0 | D:1      | Gorglomux the Demonspawn Necromancer began the quest for the Orb.
     0 | D:1      | Reached XP level 1. HP: 13/13 MP: 3/3
   396 | D:1      | Gained mutation: You regenerate a little health from kills. [demonic ancestry]
   396 | D:1      | Reached XP level 2. HP: 15/20 MP: 1/5
   488 | D:1      | Reached skill level 1 in Armour
  1090 | D:1      | Gained mutation: You regenerate health from kills. [demonic ancestry]
  1090 | D:1      | Reached XP level 3. HP: 17/25 MP: 0/6
  1495 | D:2      | Reached skill level 1 in Fighting
  1834 | D:2      | Reached XP level 4. HP: 32/33 MP: 4/7
  1898 | D:2      | Found a faded altar of an unknown god.
  1969 | D:2      | Found a shadowy altar of Dithmenos.
  1971 | D:2      | Found a radiant altar of Vehumet.
  2748 | D:3      | Found a shattered altar of Ashenzari.
  2846 | D:3      | Found a sacrificial altar of Ru.
  3039 | D:3      | Found a bloodstained altar of Trog.
  3060 | D:3      | Became a worshipper of Trog the Wrathful
  3281 | D:4      | Reached skill level 3 in Dodging
  3331 | D:4      | Found a sparkling altar of Nemelex Xobeh.
  3547 | D:4      | Noticed a slave
  3549 | D:4      | Noticed Pikel
  3549 | D:4      | Noticed a slave
  3550 | D:4      | Noticed a slave
  3554 | D:4      | Noticed a slave
  3572 | D:4      | Paralysed by Pikel for 4 turns
  3592 | D:3      | Paralysed by Pikel for 5 turns
  3599 | D:3      | Slain by Pikel

Skill      XL: |  1  2  3  4 |
---------------+-------------+-----
Dodging        | 2 3 |  3.0
Armour         | 1 2 |  2.4
Fighting       | 1 2 |  2.4
Stealth        | |  1.7
Spellcasting   | |  2.0
Necromancy     | |  4.3

Action                   |  1- 3 |  4- 6 || total
-------------------------+-------+-------++-------
Melee: Short sword       |    31 |       ||    31
       Unarmed           |     1 |       ||     1
       Whip              |    15 |    63 ||    78
 Cast: Pain              |    59 |     1 ||    60
 Stab: Sleeping          |       |     2 ||     2
       Distracted        |       |     1 ||     1
  Eat: Chunk             |     4 |     5 ||     9
Armor: Robe              |    11 |     7 ||    18
Dodge: Dodged            |    44 |    35 ||    79
